 Dungeon Crawl Stone Soup version 0.23.1-37-gaa34b87 (webtiles) character file.

Game seed: 11710722725596300317

74 night the Conjurer (level 4, -1/24 HPs)
             Began as a Gargoyle Conjurer on Mar 21, 2019.
             Slain by Sigmund
             ... wielding a +0 scythe
              (3 damage)
             ... on level 3 of the Dungeon.
             The game lasted 00:05:07 (2422 turns).

night the Conjurer (Gargoyle Conjurer)              Turns: 2422, Time: 00:05:07

Health: -1/24      AC:  7    Str: 12    XL:     4   Next: 28%
Magic:  3/8        EV: 11    Int: 16    God:
Gold:   87         SH:  3    Dex: 10    Spells: 5/8 levels left

rFire    . . .     SeeInvis .   a - +0 mace
rCold    + . .     Gourm    .   p - +0 buckler (curse)
rNeg     + . .     Faith    .   f - +0 robe
rPois    ∞         Spirit   .   t - +0 helmet (curse)
rElec    +         Reflect  .   (no cloak)
rCorr    .         Harm     .   h - +0 pair of gloves
MR       .....                  (no boots)
Stlth    ++........             (no amulet)
HPRegen  0.08/turn              g - ring of protection from cold
MPRegen  0.11/turn              (no ring)

@: no status effects
A: negative energy resistance 1, electricity resistance, unbreathing,
petrification resistance, rot immunity, AC +3
a: no special abilities


You were on level 3 of the Dungeon.
You were very hungry.

You visited 1 branch of the dungeon, and saw 3 of its levels.

You collected 87 gold pieces.

Inventory:

Hand Weapons
 a - a +0 mace (weapon)
Missiles
 n - 35 stones (quivered)
 v - 16 bolts
Armour
 f - a +0 robe (worn)
 h - a +0 pair of gloves (worn)
 p - a cursed +0 buckler (worn)
 t - a cursed +0 helmet (worn)
Jewellery
 g - a ring of protection from cold (left hand)
 q - an uncursed ring of see invisible {unknown}
 r - an uncursed amulet of faith {unknown}
Scrolls
 e - 2 scrolls of teleportation {unknown}
 k - 5 scrolls of identify {unknown}
 o - 3 scrolls of remove curse {unknown}
 s - 2 scrolls of magic mapping {unknown}
 u - a scroll of blinking {unknown}
Potions
 b - 2 potions of curing {unknown}
 d - a potion of haste {unknown}
 i - a potion of might {unknown}
 j - a potion of invisibility {unknown}
 l - a potion of brilliance {unknown}
 m - a potion of ambrosia {unknown}
Comestibles
 c - 2 rations


   Skills:
 + Level 1.9 Maces & Flails
 - Level 1.5 Dodging
 - Level 2.1 Stealth
 + Level 2.8 Spellcasting
 + Level 5.1 Conjurations


You had 5 spell levels left.
You knew the following spells:

 Your Spells              Type           Power        Failure   Level  Hunger
a - Magic Dart            Conj           ###.         3%          1    #......
b - Searing Ray           Conj           ###...       6%          2    ##.....

Your spell library contained the following spells:

 Spells                   Type           Power        Failure   Level  Hunger
 Dazzling Spray           Conj/Hex       ##....       32%         3    ###....
 Iskenderun's Mystic Bla  Conj           ###.....     36%         4    #####..
 Force Lance              Conj/Tloc      ##......     73%         4    #####..
 Fulminant Prism          Conj/Hex       ##........   73%         4    #####..


Dungeon Overview and Level Annotations

Branches:
Dungeon (3/15)

Altars:
Dithmenos
Gozag
Qazlal

Annotations:
D:3 Sigmund


Innate Abilities, Weirdness & Mutations

You are resistant to torment.
Your stone body is resilient. (AC +3)
You are immune to poison.
You resist negative energy. (rN+)
You are resistant to electric shocks. (rElec)
You can survive without breathing.
You are immune to petrification.
You are immune to rotting.


Message History

Confirm with . or Enter, or press ? or * to list all spells.
Aiming: Searing Ray (safe; 6% risk of failure)
Press: ? - help, Shift-Dir - straight line, f/p - Sigmund
Aim: Sigmund, wielding a +0 scythe and wearing a +0 robe (lightly wounded)
The searing ray hits Sigmund.
Sigmund is moderately wounded. (Press . to maintain the ray.)
You are feeling very hungry.
Sigmund mumbles some strange words.
Sigmund flickers and vanishes!
Deactivating autopickup; reactivate with Ctrl-A.
The searing ray hits something!
Something hits you.
The searing ray hits something!
You finish channeling your searing ray.
Something hits you! Something hits you.
You see here a green potion.
You hit something. Something hits you!
* * * LOW HITPOINT WARNING * * *
You closely miss something. Something hits you.
You die...

### #.## ...
#.. ##.#######
#.{.......
#.@#######.#...
#..............
#.###..####._..
#.###..# . #
#.#....#
#.##.#....#
#.........#
##......#
#......#


There were no monsters in sight!

Vanquished Creatures
  3 adders (D:2)
  An ooze (D:1)
  A worm (D:2)
  A dart slug (D:2)
  A leopard gecko (D:2)
  A giant cockroach (D:2)
  5 goblins
  2 hobgoblins
  3 jackals (D:2)
  A quokka (D:2)
  4 bats (D:1)
  3 frilled lizards
  8 kobolds
  4 rats
38 creatures vanquished.

Notes
Turn   | Place    | Note
-------+----------+-------------------------------------------
     0 | D:1      | night the Gargoyle Conjurer began the quest for the Orb.
     0 | D:1      | Reached XP level 1. HP: 10/10 MP: 3/3
   409 | D:1      | Reached XP level 2. HP: 2/15 MP: 0/5
   963 | D:1      | Learned a level 2 spell: Searing Ray
  1153 | D:2      | Reached skill level 1 in Maces & Flails
  1169 | D:2      | Reached XP level 3. HP: 13/19 MP: 4/6
  1285 | D:2      | Found a stormy altar of Qazlal.
  1287 | D:2      | Noticed a fire elemental
  1288 | D:2      | Noticed an earth elemental
  1288 | D:2      | Noticed an air elemental
  1288 | D:2      | Noticed a water elemental
  1569 | D:2      | Reached skill level 5 in Conjurations
  1644 | D:2      | Reached XP level 4. HP: 17/24 MP: 1/8
  1738 | D:2      | Found an opulent altar of Gozag.
  2408 | D:3      | Found a shadowy altar of Dithmenos.
  2412 | D:3      | Noticed Sigmund
  2422 | D:3      | Slain by Sigmund

Skill      XL: |  1  2  3 |
---------------+----------+-----
Maces & Flails | 1 |  1.9
Conjurations   | 5 |  5.1
Dodging        | |  1.5
Stealth        | |  2.1
Spellcasting   | |  2.8

Action                   |  1- 3 |  4- 6 || total
-------------------------+-------+-------++-------
Melee: Mace              |    65 |     5 ||    70
       Hand axe          |     6 |       ||     6
 Cast: Magic Dart        |    23 |    23 ||    46
       Searing Ray       |       |     1 ||     1
  Eat: Chunk             |     2 |     2 ||     4
Armor: Robe              |    29 |     1 ||    30
Dodge: Dodged            |    70 |     1 ||    71
Block: Buckler           |     5 |       ||     5
